 Dungeon Crawl Stone Soup version 0.19.1 (webtiles) character file.

16942 Jerry the Carver (level 12, -7/78 HPs)
             Began as a Demonspawn Gladiator on Dec 27, 2016.
             Was a High Priest of Dithmenos.
             Killed from afar by Azrael (11 damage)
             ... with a bolt of fire
             ... on level 13 of the Dungeon.
             The game lasted 00:47:27 (15650 turns).

Jerry the Carver (Demonspawn Gladiator)            Turns: 15650, Time: 00:47:27

Health: -7/78      AC: 27    Str: 18    XL:     12   Next: 14%
Magic:  13/13      EV: 16    Int: 14    God:    Dithmenos [*****.]
Gold:   539        SH:  0    Dex: 23    Spells: 0 memorised, 11 levels left

rFire  . . .     SeeInvis +     q - +1 double sword of the Genius {protect, rC- Int+3 Dex+6}
rCold  + . .     Gourm    .     e - +3 chain mail {rC+}
rNeg   . . .     Faith    .     (no shield)
rPois  .         Spirit   .     (helmet unavailable)
rElec  .         Reflect  .     y - +0 cloak
rCorr  .         Harm     .     F - +0 pair of gloves
MR     +....                    (no boots)
Stlth  ..........               (no amulet)
                                P - ring of protection from magic
                                a - +1 ring of evasion

@: protection aura, wreathed by umbra
A: claws 1, hooves 1, horns 3, yellow scales 2, see invisible, clever 1, cold
resistance 1, demonic guardian 1, high mp 1, spiny 2
a: Shadow Step, Shadow Form, Renounce Religion


You were on level 13 of the Dungeon.
You worshipped Dithmenos.
Dithmenos was extremely pleased with you.
You were not hungry.

You visited 2 branches of the dungeon, and saw 14 of its levels.

You collected 762 gold pieces.
You spent 223 gold pieces at shops.

Inventory:

Hand Weapons
 b - a +1 short sword of speed
 q - the +1 double sword of the Genius (weapon) {protect, rC- Int+3 Dex+6}
   (You acquired it on level 9 of the Dungeon)

   It protects the one who uses it against injury (+AC on strike).
   It affects your intelligence (+3).
   It affects your dexterity (+6).
   It makes you vulnerable to cold.
Missiles
 d - 5 throwing nets (quivered)
Armour
 e - a +3 chain mail of cold resistance (worn)
 y - a +0 cloak (worn)
 F - a +0 pair of gloves (worn)
Jewellery
 a - a +1 ring of evasion (left hand)
 M - an uncursed ring of flight
 P - a ring of protection from magic (right hand)
Wands
 B - a wand of lightning (2/15)
 G - a wand of iceblast (13/15)
Scrolls
 g - a scroll of vulnerability
 l - 4 scrolls of identify
 m - 4 scrolls of remove curse
 s - 3 scrolls of magic mapping
 x - 4 scrolls of teleportation
 C - a scroll of recharging
Potions
 i - 3 potions of haste
 j - a potion of lignification
 n - 3 potions of magic
 p - 2 potions of ambrosia
 r - 2 potions of might
 u - a potion of cure mutation
 z - 4 potions of curing
 A - a potion of flight {unknown}
 D - a potion of invisibility {unknown}
 H - 2 potions of heal wounds
 J - a potion of resistance {unknown}
 N - a potion of brilliance {unknown}
 Q - 2 potions of agility
Books
 t - a book of Transfigurations

   Spells                             Type                      Level
   a - Irradiate                      Conjuration/Transmutation    5
   b - Statue Form                    Transmutation/Earth          6
   c - Hydra Form                     Transmutation                6
   d - Dragon Form                    Transmutation                7
 v - a book of Summonings

   Spells                             Type                      Level
   a - Recall                         Summoning/Translocation      3
   b - Aura of Abjuration             Summoning                    5
   c - Summon Demon                   Summoning                    5
   d - Summon Forest                  Summoning/Translocation      5
   e - Summon Mana Viper              Hexes/Summoning              5
   f - Shadow Creatures               Summoning                    6
 w - a book of Flames

   Spells                             Type                      Level
   a - Flame Tongue                   Conjuration/Fire             1
   b - Throw Flame                    Conjuration/Fire             2
   c - Conjure Flame                  Conjuration/Fire             3
   d - Inner Flame                    Hexes/Fire                   3
   e - Sticky Flame                   Conjuration/Fire             4
   f - Fireball                       Conjuration/Fire             5
   Dithmenos disapproves of the use of such an item.
 E - a book of Air

   Spells                             Type                      Level
   a - Shock                          Conjuration/Air              1
   b - Swiftness                      Charms/Air                   2
   c - Repel Missiles                 Charms/Air                   2
   d - Static Discharge               Conjuration/Air              3
   e - Lightning Bolt                 Conjuration/Air              5
 K - a book of Power

   Spells                             Type                      Level
   a - Fulminant Prism                Conjuration/Hexes            4
   b - Iskenderun's Mystic Blast      Conjuration                  4
   c - Venom Bolt                     Conjuration/Poison           5
   d - Bolt of Magma                  Conjuration/Fire/Earth       5
   e - Iron Shot                      Conjuration/Earth            6
   f - Orb of Destruction             Conjuration                  7
   g - Spellforged Servitor           Conjuration/Summoning        7
 O - a book of Maledictions

   Spells                             Type                      Level
   a - Corona                         Hexes                        1
   b - Ensorcelled Hibernation        Hexes/Ice                    2
   c - Confuse                        Hexes                        3
   d - Tukima's Dance                 Hexes                        3
   e - Dazzling Spray                 Conjuration/Hexes            3
Miscellaneous
 c - a lamp of fire
Comestibles
 f - 8 bread rations
 h - 6 meat rations
 k - 2 royal jellies
 o - 2 slices of pizza
 I - 2 beef jerkies
 L - 12 fruits
 R - 4 chunks of flesh


   Skills:
 - Level 2.0 Fighting
 + Level 11.1 Long Blades
 - Level 1.7 Throwing
 + Level 10.3 Armour
 + Level 11.1 Dodging


You had 11 spell levels left.
You didn't know any spells.

Dungeon Overview and Level Annotations

Branches:
Dungeon (13/15)            Temple (1/1) D:5            Lair (0/6) D:11
    Orc (0/2) D:12
 Vaults: D:13-14

Altars:
Ashenzari
Cheibriados
Dithmenos
Elyvilon
Fedhas
Gozag
Hepliaklqana
Kikubaaqudgha
Makhleb
Nemelex Xobeh
Okawaru
Qazlal
Ru
Sif Muna
Trog
Uskayaw
Vehumet
Xom
Yredelemnul
Zin
The Shining One
Beogh

Shops:
D:4 %   D:6 [   D:9 !   D:12 =

Annotations:
D:6 Prince Ribbit
D:13 Azrael


Innate Abilities, Weirdness & Mutations

You have a pair of large horns on your head.
You are mostly covered in yellow scales. (AC +3)
Your flesh is cold resistant. (rC+)
A weak demonic guardian rushes to your aid.
You are mostly covered in sharp spines.
You have sharp fingernails.
You have large cloven feet.
You have supernaturally acute eyesight. (SInv)
Your mind is acute. (Int +2)
You have an increased reservoir of magic. (+10% MP)


Message History

The blast of flame hits you! The blast of flame hits your iron imp.
Your iron imp completely resists.
Azrael hits your iron imp with a scimitar of flaming!!
Your iron imp dies!
You hit Azrael. You kick Azrael, but do no damage.
Azrael is lightly wounded.
You hit Azrael but do no damage. You kick Azrael, but do no damage.
You headbutt Azrael!
Azrael is moderately wounded.
Your shadow barely misses Azrael.
Azrael is struck by your spines.
Azrael hits you with a scimitar of flaming!
Azrael burns you.
* * * LOW HITPOINT WARNING * * *
Your shadow imp hits Azrael but does no damage.
Azrael gestures at you. The bolt of fire hits you!
* * * LOW HITPOINT WARNING * * *
Azrael gestures at you. The bolt of fire hits you!
You die...

...≈... ..≈≈... #
....... #. .......
#.#+#§......
####....§R.§...#######
......5..§§§.........
.......§########...#
.......†hR..@..#...##...
##.......#####.#........
#...≈...# #......###.#.
#...≈...# #......#.#
##..≈≈..# #.<......#
#......# #......#.#
#......# #..........
#......# ###.#.####..
........ #..... ..


You could see Azrael and a hell hound.

Vanquished Creatures
  A hydra (D:10)
  2 hill giants (D:11)
  2 ugly things (D:12)
  2 manticores
  A deep elf mage (D:10)
  Joseph (D:8)
  Psyche (D:10)
  A gargoyle (D:12)
  A komodo dragon (D:12)
  The ghost of joosa the Magician, a novice DECj (D:6)
  3 trolls
  Grinder (D:6)
  A two-headed ogre (D:8)
  3 slime creatures (D:12)
  3 hippogriffs
  Sigmund (D:5)
  2 shadows
  A spriggan (D:7)
  11 yaks
  2 wyverns
  3 fire elementals (D:13)
  Duvessa (D:7)
  2 hell hounds (D:13)
  5 orc warriors
  2 sky beasts
  3 ogres
  A phantom (D:9)
  3 black bears
  2 necrophages (D:10)
  6 centaurs
  A crocodile (D:11)
  2 big kobolds
  Blork the orc (D:6)
  A wyvern zombie (D:11)
  9 bullfrogs
  A gnoll sergeant (D:10)
  Dowan (D:7)
  A water moccasin zombie (D:11)
  A scorpion (D:8)
  3 killer bees (D:7)
  6 wights
  4 howler monkeys
  2 crimson imps
  A bullfrog zombie (D:10)
  2 centaur zombies
  A quasit (D:7)
  4 centaur skeletons
  8 orc priests
  8 hounds
  A gnoll shaman (D:8)
  2 jellies
  3 bullfrog skeletons
  5 iguanas
  12 orc wizards
  Terence (D:2)
  9 worker ants
  A hound skeleton (D:6)
  A howler monkey zombie (D:7)
  2 worker ant zombies
  Robin (D:4)
  11 gnolls
  3 river rats (D:11)
  10 adders
  4 shadow imps
  2 adder skeletons
  4 worms
  7 dart slugs
  9 leopard geckos
  44 orcs
  9 giant cockroaches
  9 hobgoblins
  12 jackals
  18 kobolds
  4 quokkas
  A ball python (D:2)
  18 bats
  5 frilled lizards
  13 goblins
  A jackal zombie (D:9)
  A quokka skeleton (D:4)
  15 rats
364 creatures vanquished.

Vanquished Creatures (collateral kills)
  An ugly thing (D:11)
  2 centaur zombies (D:10)
  A wyvern (D:10)
  A hell hound (D:13)
  2 phantoms
  A necrophage (D:6)
  A centaur (D:7)
  A scorpion (D:5)
  A hound (D:5)
  An orc wizard (D:7)
  Ijyb (D:2)
  A gnoll (D:8)
  An adder zombie (D:6)
  A leopard gecko (D:5)
  2 orcs (D:7)
18 creatures vanquished.

Grand Total: 382 creatures vanquished

Notes
Turn   | Place    | Note
-------+----------+-------------------------------------------
     0 | D:1      | Jerry the Demonspawn Gladiator began the quest for the Orb.
     0 | D:1      | Reached XP level 1. HP: 16/16 MP: 1/1
    94 | D:1      | Gained mutation: A weak demonic guardian rushes to your aid. [demonic ancestry]
    94 | D:1      | Reached XP level 2. HP: 22/22 MP: 2/2
   439 | D:1      | Reached skill level 1 in Armour
   462 | D:1      | Gained mutation: You have a pair of small horns on your head. [demonic ancestry]
   462 | D:1      | Reached XP level 3. HP: 26/27 MP: 3/3
  1051 | D:2      | Noticed Ijyb
  1060 | D:2      | Killed Ijyb
  1060 | D:2      | Reached XP level 4. HP: 32/33 MP: 4/4
  1899 | D:2      | Noticed Terence
  1909 | D:2      | Killed Terence
  1909 | D:2      | Reached XP level 5. HP: 19/38 MP: 5/5
  2599 | D:2      | Found a deep blue altar of Sif Muna.
  3221 | D:3      | Found an opulent altar of Gozag.
  3474 | D:3      | Found a blossoming altar of Fedhas.
  3676 | D:4      | Found Ysafiz's Food Shop.
  3782 | D:4      | Noticed Robin
  3800 | D:4      | Killed Robin
  3988 | D:4      | Noticed a phantom
  4184 | D:4      | Killed a phantom
  4184 | D:4      | Gained mutation: You are partially covered in yellow scales. (AC +2) [demonic ancestry]
  4184 | D:4      | Reached XP level 6. HP: 28/44 MP: 6/6
  4637 | D:5      | Entered Level 5 of the Dungeon
  4653 | D:5      | Found a staircase to the Ecumenical Temple.
  4661 | Temple   | Entered the Ecumenical Temple
  5091 | D:5      | Noticed Sigmund
  5217 | D:5      | Killed Sigmund
  5217 | D:5      | Reached skill level 5 in Dodging
  5217 | D:5      | Gained mutation: You are mostly covered in yellow scales. (AC +3) [demonic ancestry]
  5217 | D:5      | Reached XP level 7. HP: 37/50 MP: 7/7
  5267 | D:5      | Reached skill level 5 in Long Blades
  5868 | D:6      | Noticed joosa's ghost (novice DECj)
  5906 | D:6      | Killed joosa's ghost
  6054 | D:6      | Found a shadowy altar of Dithmenos.
  6062 | D:6      | Gained mutation: You have a pair of horns on your head. [demonic ancestry]
  6062 | D:6      | Reached XP level 8. HP: 51/56 MP: 8/8
  6072 | D:6      | Became a worshipper of Dithmenos the Shadowed
  6184 | D:6      | Noticed Grinder
  6206 | D:6      | Paralysed by Grinder for 3 turns
  6209 | D:6      | Killed Grinder
  6374 | D:6      | Found Vuoskill's Armour Shop.
  6379 | D:6      | Bought a +0 pair of gloves for 67 gold pieces
  6477 | D:6      | Noticed Prince Ribbit
  6673 | D:6      | Found a stormy altar of Qazlal.
  6811 | D:6      | Noticed Blork the orc
  6828 | D:6      | Killed Blork the orc
  6828 | D:6      | Reached skill level 5 in Armour
  6912 | D:6      | Found a sparkling altar of Nemelex Xobeh.
  6912 | D:6      | Found a faded altar of an unknown god.
  6917 | D:6      | Found a burning altar of Makhleb.
  6919 | D:6      | Found a faded altar of an unknown god.
  6921 | D:6      | Found a bloodstained altar of Trog.
  7398 | D:7      | Reached * piety under Dithmenos
  7555 | D:7      | Noticed Duvessa
  7555 | D:7      | Noticed Dowan
  7563 | D:7      | Killed Duvessa
  7563 | D:7      | Gained mutation: You have a pair of large horns on your head. [demonic ancestry]
  7563 | D:7      | Reached XP level 9. HP: 52/61 MP: 9/9
  7565 | D:7      | Killed Dowan
  7836 | D:7      | Reached ** piety under Dithmenos
  9032 | D:8      | Noticed Joseph
  9256 | D:8      | Killed Joseph
  9256 | D:8      | Gained mutation: You are partially covered in sharp spines. [demonic ancestry]
  9256 | D:8      | Reached XP level 10. HP: 58/67 MP: 10/10
 10263 | D:9      | Reached *** piety under Dithmenos
 10403 | D:9      | Gained mutation: You have large cloven feet. [potion of beneficial mutation]
 10404 | D:9      | Gained mutation: You have supernaturally acute eyesight. (SInv) [potion of beneficial mutation]
 10405 | D:9      | Gained mutation: You have sharp fingernails. [potion of beneficial mutation]
 10406 | D:9      | Gained mutation: You have an increased reservoir of magic. (+10% MP) [potion of beneficial mutation]
 10420 | D:9      | Found a hazy altar of Hepliaklqana.
 10423 | D:9      | Found a basalt altar of Yredelemnul.
 10426 | D:9      | Found a radiant altar of Vehumet.
 10426 | D:9      | Found an iron altar of Okawaru.
 10428 | D:9      | Found an ancient bone altar of Kikubaaqudgha.
 10914 | D:9      | Found Oloam's Distillery.
 10921 | D:9      | Bought a potion of agility for 52 gold pieces
 10921 | D:9      | Bought a potion of berserk rage for 65 gold pieces
 10921 | D:9      | Bought a potion of curing for 39 gold pieces
 11572 | D:9      | Identified a scroll of acquirement
 11573 | D:9      | Got an ebony double sword
 11574 | D:9      | Identified the +1 double sword of the Genius {protect, rC- Int+3 Dex+6} (You acquired it on level 9 of the Dungeon)
 11607 | D:10     | Entered Level 10 of the Dungeon
 11612 | D:10     | Reached **** piety under Dithmenos
 11688 | D:10     | Noticed Psyche
 11696 | D:10     | Killed Psyche
 11769 | D:10     | Gained mutation: Your flesh is cold resistant. (rC+) [demonic ancestry]
 11769 | D:10     | Reached XP level 11. HP: 55/72 MP: 12/12
 12015 | D:10     | Reached skill level 10 in Dodging
 12319 | D:11     | Noticed a deep elf mage
 12319 | D:11     | Noticed a death knight
 12319 | D:11     | Noticed a seven-headed hydra
 12438 | D:10     | Killed a deep elf mage
 12438 | D:10     | Reached skill level 10 in Long Blades
 12520 | D:10     | Killed a nine-headed hydra
 13136 | D:11     | Reached ***** piety under Dithmenos
 13452 | D:11     | Noticed a purple ugly thing
 13462 | D:11     | Killed a purple ugly thing
 13482 | D:11     | Noticed a hill giant
 13505 | D:11     | Killed a hill giant
 13670 | D:11     | Noticed a hill giant
 13679 | D:11     | Killed a hill giant
 14073 | D:11     | Found a staircase to the Lair.
 14333 | D:11     | Gained mutation: Your mind is acute. (Int +2) [potion of beneficial mutation]
 14510 | D:12     | Noticed a brown ugly thing
 14517 | D:12     | Killed a brown ugly thing
 14648 | D:12     | Reached skill level 10 in Armour
 14676 | D:12     | Noticed a red ugly thing
 14683 | D:12     | Killed a red ugly thing
 14684 | D:12     | Found a staircase to the Orcish Mines.
 14701 | D:12     | Found a roughly hewn altar of Beogh.
 14741 | D:12     | HP: 2/72 [enormous slime creature (70)]
 15066 | D:12     | Gained mutation: You are mostly covered in sharp spines. [demonic ancestry]
 15066 | D:12     | Reached XP level 12. HP: 78/78 MP: 13/13
 15309 | D:12     | Found Caschot's Jewellery Shoppe.
 15630 | D:13     | Noticed Azrael
 15650 | D:13     | Killed from afar by Azrael

Skill      XL: |  1  2  3  4  5  6  7  8  9 10 11 12 |
---------------+-------------------------------------+-----
Dodging        | 3 4 5 7 8 9 10 11 | 11.1
Long Blades    | 3 4 5 6 8 9 10 11 | 11.1
Armour         | 1 2 3 4 5 7 8 10 | 10.3
Fighting       | |  2.0
Throwing       | |  1.7

Action                   |  1- 3 |  4- 6 |  7- 9 | 10-12 || total
-------------------------+-------+-------+-------+-------++-------
Melee: Long sword        |    95 |   261 |   436 |   138 ||   930
       Headbutt          |     7 |    74 |    96 |   128 ||   305
       Kick              |       |       |       |   179 ||   179
       Double sword      |       |       |       |   265 ||   265
Throw: Throwing net      |       |     1 |       |     4 ||     5
  Use: Scroll            |       |       |       |    23 ||    23
       Potion            |       |       |       |     7 ||     7
 Stab: Sleeping          |     1 |       |       |       ||     1
       Distracted        |       |       |     4 |     2 ||     6
  Eat: Chunk             |       |    14 |    14 |    16 ||    44
       Bread ration      |       |       |       |     1 ||     1
Armor: Leather armour    |    29 |     8 |       |       ||    37
       Scale mail        |       |    80 |   204 |    88 ||   372
       Ring mail         |       |     6 |       |       ||     6
       Chain mail        |       |       |       |    53 ||    53
Dodge: Dodged            |    71 |   179 |   338 |   342 ||   930
       Rpst.: Long sword |    20 |    51 |    79 |    28 ||   178
       Double sword      |       |       |       |    55 ||    55
